 Dungeon Crawl Stone Soup version 0.14-a0-1844-g8283a67 (webtiles) character file.

437 Piginabag the Chiller (level 6, 0/36 HPs)
             Began as an Octopode Ice Elementalist on Jan 12, 2014.
             Slain by a phantom (8 damage)
             ... on Level 4 of the Dungeon.
             The game lasted 00:12:23 (4301 turns).

Piginabag the Chiller (Octopode Ice Elementalist)   Turns: 4301, Time: 00:12:24

HP   0/36        AC  1     Str  7      XL: 6   Next: 21%
MP   1/15        EV 12     Int 19      God:
Gold 169         SH  0     Dex 13      Spells:  3 memorised,  6 levels left

rFire  . . .     SeeInvis .     r - +0,+1 dagger (flame)
rCold  . . .     Clarity  .     (no shield)
rNeg   . . .     Conserve .     (helmet restricted)
rPois  .         rCorr    .     (no amulet)
rElec  .         rRot     .     a - +4,+4 ring of slaying
SustAb . .       Spirit   .     u - ring of protection from magic
rMut   .         Warding  .     (no ring)
Saprov . . .     Stasis   .     (no ring)
                                (no ring)
                                (no ring)
                                (no ring)
                                (no ring)

@: very slightly contaminated, somewhat resistant to hostile enchantments, quite
stealthy
A: almost no armour, amphibious, 8 rings, constrict 8, camouflage 1, gelatinous
body 1
a: no special abilities


You were on level 4 of the Dungeon.
You were not hungry.

You visited 1 branch of the dungeon, and saw 4 of its levels.
You also visited: Sewer.

You collected 169 gold pieces.

Inventory:

Hand weapons
 r - a +0,+1 dagger of flaming (weapon)
Comestibles
 c - 4 bread rations
 g - an apple
Scrolls
 e - 2 scrolls of identify
 i - 2 scrolls of remove curse
 j - a scroll of blinking {unknown}
 m - a scroll of amnesia {unknown}
 n - a scroll of immolation {unknown}
 o - a scroll of curse weapon {unknown}
 p - a scroll of enchant weapon I {unknown}
 s - a scroll of teleportation
 v - a scroll of curse jewellery {unknown}
 w - a scroll of curse armour {unknown}
Jewellery
 a - a +4,+4 ring of slaying (left tentacle)
 u - a ring of protection from magic (right tentacle)
Potions
 d - a potion of restore abilities {unknown}
 f - 4 potions of heal wounds {unknown}
 h - a potion of paralysis {unknown}
 k - 4 potions of curing
 l - a potion of might {unknown}
 q - a potion of mutation {unknown}
 t - 2 potions of invisibility {unknown}
 x - a potion of beneficial mutation {unknown}
Books
 b - a book of Frost

   Spells                             Type                      Level
   *Freeze                            Ice                          1
   *Throw Frost                       Conjuration/Ice              2
   Ozocubu's Armour                   Charms/Ice                   3
   *Throw Icicle                      Conjuration/Ice              4
   Summon Ice Beast                   Ice/Summoning                4
   Condensation Shield                Ice                          4


   Skills:
 - Level 2.1 Dodging
 - Level 2.9 Stealth
 + Level 4.3 Spellcasting
 - Level 1.0 Conjurations
 + Level 5.1 Ice Magic


You had 6 spell levels left.
You knew the following spells:

 Your Spells              Type           Power        Failure   Level  Hunger
a - Freeze                Ice            ###.         1%          1    None
b - Throw Frost           Conj/Ice       ###...       8%          2    #......
c - Throw Icicle          Conj/Ice       ###.....     38%         4    ####...


Dungeon Overview and Level Annotations

Branches:
Dungeon (4/16)
 Temple: D:4-7

Altars:


Innate Abilities, Weirdness & Mutations

You cannot wear most types of armour.
You are amphibious.
You can wear up to eight rings at the same time.
You can use your tentacles to constrict many enemies at once.
Your skin changes colour to match your surroundings (Stlth).
Your rubbery body absorbs attacks (AC +1).


Message History

The phantom is almost destroyed.
The phantom hits you.
The phantom blinks!
You feel sick. The phantom hits you.
You closely miss the phantom.
The phantom is almost destroyed.
The phantom completely misses you.
You closely miss the phantom. You squeeze the phantom.
The phantom is almost destroyed.
The phantom barely misses you.
You closely miss the phantom.
The phantom is almost destroyed.
The phantom hits you!
* * * LOW HITPOINT WARNING * * *
Casting: Throw Frost
Confirm with . or Enter, or press ? or * to list all spells.
Okay, then.
Drink which item? (? for menu, Esc to quit)
You feel better. The phantom hits you!
You die...

#.....# (... #.....# ....o
#.....# =..... #.#####
....<. #.# ...... #.#
######## ......
#.#####......########......
#.....'......'.............
#######..p@..#############.
#......# #......# #......#
########


You could see a phantom.

Vanquished Creatures
  A big kobold (Sewer)
  A big fish (Sewer)
  Terence (D:2)
  5 adders
  A worm (D:2)
  7 grey rats
  3 giant geckos
  An ooze (D:2)
  2 ball pythons
  3 giant cockroaches (D:3)
  10 hobgoblins
  11 jackals
  A quokka (D:2)
  11 bats
  A giant newt (D:1)
  8 goblins
  13 kobolds
  15 rats
95 creatures vanquished.

Notes
Turn   | Place    | Note
--------------------------------------------------------------
     0 | D:1      | Piginabag, the Octopode Ice Elementalist, began the quest for the Orb.
     0 | D:1      | Reached XP level 1. HP: 11/11 MP: 3/3
   280 | D:1      | Reached XP level 2. HP: 10/17 MP: 0/4
   414 | D:1      | Learned a level 2 spell: Throw Frost
  1008 | D:1      | Reached XP level 3. HP: 19/21 MP: 1/6
  1690 | D:2      | Noticed Terence
  1762 | D:2      | Killed Terence
  2015 | D:2      | Reached skill level 4 in Ice Magic
  2015 | D:2      | Reached XP level 4. HP: 24/27 MP: 0/8
  2391 | D:2      | Learned a level 4 spell: Throw Icicle
  2991 | D:3      | Reached XP level 5. HP: 31/31 MP: 4/11
  3365 | D:3      | Found a glowing drain.
  3410 | Sewer    | Entered a sewer
  3888 | Sewer    | Reached skill level 5 in Ice Magic
  3888 | Sewer    | Reached XP level 6. HP: 29/36 MP: 0/15
  3893 | Sewer    | Found a white marble altar of Elyvilon.
  4301 | D:4      | Slain by a phantom

Action                   |  1- 3 |  4- 6 || total
-------------------------+-------+-------++-------
Melee: Unarmed           |    23 |       ||    23
       Dagger            |     8 |    87 ||    95
 Cast: Freeze            |    18 |     2 ||    20
       Throw Frost       |    26 |    56 ||    82
       Throw Icicle      |       |     3 ||     3
  Use: Scroll            |       |     8 ||     8
       Potion            |       |     1 ||     1
 Stab: Sleeping          |     1 |     5 ||     6
